 Dungeon Sprint DCSS version 0.30-a0-918-g0ff054e9dc (webtiles) character file.

Game seed: 11622947829366841459

1500000 testman the Portalist (level 14, -1/120 HPs)
             Began as a Demonspawn Warper on Mar 20, 2023.
             Was a Believer of Makhleb.
             Slain by a meat berserker
             ... wielding a +9 battleaxe
              (71 damage)
             ... in the Dungeon (Sprint VIII: "Arena of Blood").
             The game lasted 00:02:09 (15 turns).

testman the Portalist (Demonspawn Warper)             Turns: 15, Time: 00:02:10

Health: -1/120     AC:  7    Str: 12    XL:     14   Next: 9%
Magic:  17/32      EV: 24    Int: 16    God:    Makhleb [**....]
Gold:   0          SH:  0    Dex: 16    Spells: 42/42 levels left

rFire   . . .      SeeInvis .    j - +∞ Axe of Woe
rCold   . . .      Faith    .    (shield currently unavailable)
rNeg    . . .      Spirit   .    b - +0 leather armour
rPois   .          Reflect  .    (no helmet)
rElec   +          Rampage  .    (cloak unavailable)
rCorr   .          NoTele   +    (no gloves)
Will    +....                    (no boots)
Stlth   +                        (no amulet)
HPRegen 0.40/turn                (no ring)
MPRegen 0.23/turn                (no ring)

@: agile
A: thin metallic scales 3, powered by pain 2, spiny 2, weakness stinger 3
a: Renounce Religion, Minor Destruction


You were in the Dungeon.
You worshipped Makhleb.
Makhleb was pleased with you.
You visited 1 branch

Inventory:

Hand Weapons
 a - a +0 hand axe
 j - the +∞ Axe of Woe (weapon)
   (You found it in the Dungeon)
Missiles
 d - 7 boomerangs of dispersal (quivered)
Armour
 b - a +0 leather armour (worn)
Scrolls
 c - 2 scrolls of blinking
Potions
 e - a potion of curing
 f - a potion of heal wounds
 g - a potion of haste
 h - 2 potions of magic
 i - a potion of berserk rage


   Skills:
 + Level 14.0 Fighting
 + Level 15.2 Axes
 - Level 3.7 Throwing
 + Level 5.2 Armour
 + Level 13.1 Dodging
 - Level 14.8 Spellcasting
 - Level 23.4 Translocations


You had 42 spell levels left.
You didn't know any spells.
Your spell library contained the following spells:

 Spells                   Type           Power      Damage    Failure   Level
 Blink                    Tloc           100%       N/A       0%          2
 Lesser Beckoning         Tloc           100%       N/A       0%          2
 Teleport Other           Tloc           72%        N/A       0%          3
 Manifold Assault         Tloc           72%        N/A       0%          4
 Vhi's Electric Charge    Tloc/Air       98%        N/A       1%          3


Dungeon Overview and Level Annotations

Branches:
Dungeon (1/1)

Altars:
Makhleb


Innate Abilities, Weirdness & Mutations

You are completely covered in thin metallic scales. (AC +4, rElec)
You sometimes gain power by taking damage.
You are mostly covered in sharp spines.
You have a sharp stinger which inflicts weakening toxins.


Message History

The bag of meat shouts! x2
You slash the bag of meat!
You pulverise the bag of meat into a thin bloody mist.
You kill the bag of meat!
Makhleb accepts your kill.
You can now harness Makhleb's destructive might.
You hear a shout! x8
A bag of meat comes into view. It is wielding a +9 war axe.
You hear a shout! x2
Your Axes skill increases to level 14!
Your Spellcasting skill increases to level 14!
Your Translocations skill increases to level 22!
A meat berserker comes into view. It is wielding a +9 battleaxe.
The bag of meat shouts!
You hit the bag of meat.
You butcher the bag of meat messily.
You kill the bag of meat!
Makhleb accepts your kill.
You feel better.
You hear a shout! x14
The meat berserker moves out of view.
Your Fighting skill increases to level 14!
Your Axes skill increases to level 15!
Your Armour skill increases to level 5!
Your Dodging skill increases to level 13!
Your Translocations skill increases to level 23!
You have reached level 14!
Your demonic ancestry asserts itself...
Sharp spines emerge from more of your body.
Memorise Manifold Assault, consuming 4 spell levels and leaving 38?
You hear a shout! x12
You start memorising the spell.
You continue memorising.
You hear a shout! x6
You continue memorising.
You hear a shout! x8
The meat berserker hits you with a +9 battleaxe!!!
Your memorisation is interrupted.
You hear a shout! x2
The meat berserker is struck by your spines.
The meat berserker hits you with a +9 battleaxe!!!
Ouch! That really hurt!
You die...

..... .. #...
.# . #... ..#
..###... ..###.
......###......
....._......
#.)o..# #_)@O_#
#o.O..#
....._oo....
......###o.....
..###... O.###.
. #... ..# #...
.# .....


Oo You could see 4 meat berserkers and 6 bags of meat.

Vanquished Creatures
  An ogre (D)
  5 orcs (D)
6 creatures vanquished.

Notes
Turn   | Place    | Note
-------+----------+-------------------------------------------
     0 | D        | Found the +∞ Axe of Woe
     0 | D        | testman the Demonspawn Warper began the quest for the Orb.
     0 | D        | Reached XP level 1. HP: 16/16 MP: 3/3
     1 | D        | Noticed a bag of meat
     3 | D        | Became a worshipper of Makhleb the Destroyer
     4 | D        | Noticed a bag of meat
     4 | D        | Noticed a meat berserker
     4 | D        | Noticed a bag of meat
     5 | D        | Noticed a bag of meat
     5 | D        | Noticed a bag of meat
     6 | D        | Noticed a bag of meat
     7 | D        | Killed a meat berserker
     8 | D        | Reached skill level 10 in Fighting
     8 | D        | Reached skill level 10 in Axes
     8 | D        | Reached skill level 18 in Translocations
     8 | D        | Gained mutation: You are partially covered in thin metallic
                  | scales. (AC +2) [demonic ancestry]
     8 | D        | Reached XP level 2. HP: 36/36 MP: 3/14
     8 | D        | Gained mutation: You have a small tail. [demonic ancestry]
     8 | D        | Reached XP level 3. HP: 42/42 MP: 3/16
     8 | D        | Reached XP level 4. HP: 49/49 MP: 3/17
     8 | D        | Gained mutation: You sometimes gain a little power by
                  | taking damage. [demonic ancestry]
     8 | D        | Reached XP level 5. HP: 54/54 MP: 3/19
     8 | D        | Gained mutation: You sometimes gain power by taking damage.
                  | [demonic ancestry]
     8 | D        | Reached XP level 6. HP: 61/61 MP: 3/20
     8 | D        | Reached XP level 7. HP: 67/67 MP: 3/22
     8 | D        | Gained mutation: You are partially covered in sharp spines.
                  | [demonic ancestry]
     8 | D        | Reached XP level 8. HP: 74/74 MP: 3/23
     8 | D        | Reached XP level 9. HP: 79/79 MP: 3/24
     8 | D        | Gained mutation: You are mostly covered in thin metallic
                  | scales. (AC +3) [demonic ancestry]
     8 | D        | Reached XP level 10. HP: 86/86 MP: 3/25
     8 | D        | Gained mutation: You have a tail ending in a sharp stinger.
                  | [demonic ancestry]
     8 | D        | Reached XP level 11. HP: 92/92 MP: 3/26
     8 | D        | Noticed a bag of meat
     9 | D        | Killed a bag of meat
     9 | D        | Reached * piety under Makhleb
     9 | D        | Noticed a bag of meat
     9 | D        | Noticed a bag of meat
    10 | D        | Reached skill level 10 in Dodging
    10 | D        | Reached skill level 19 in Translocations
    10 | D        | Gained mutation: You have a sharp stinger which inflicts
                  | weakening toxins. [demonic ancestry]
    10 | D        | Reached XP level 12. HP: 50/102 MP: 16/28
    10 | D        | Killed a bag of meat
    10 | D        | Killed a bag of meat
    10 | D        | Noticed a bag of meat
    10 | D        | Noticed a bag of meat
    11 | D        | Reached skill level 21 in Translocations
    11 | D        | Gained mutation: You are completely covered in thin
                  | metallic scales. (AC +4, rElec) [demonic ancestry]
    11 | D        | Reached XP level 13. HP: 82/111 MP: 16/30
    11 | D        | Killed a bag of meat
    11 | D        | Reached ** piety under Makhleb
    11 | D        | Noticed a bag of meat
    12 | D        | Reached skill level 22 in Translocations
    12 | D        | Noticed a meat berserker
    12 | D        | Killed a bag of meat
    13 | D        | Reached skill level 15 in Axes
    13 | D        | Reached skill level 5 in Armour
    13 | D        | Reached skill level 23 in Translocations
    13 | D        | Gained mutation: You are mostly covered in sharp spines.
                  | [demonic ancestry]
    13 | D        | Reached XP level 14. HP: 115/120 MP: 17/32
    13 | D        | Noticed a meat berserker
    13 | D        | Noticed a meat berserker
    15 | D        | Noticed a bag of meat
    15 | D        | Noticed a meat berserker
    15 | D        | Slain by a meat berserker

Illustrated notes

Levels and vault maps discovered:
D:        meatsprint

Skill      XL: |  1  2  3  4  5  6  7  8  9 10 11 12 13 |
---------------+----------------------------------------+-----
Fighting       | 10 11 13 14 | 14.0
Axes           | 10 11 13 15 | 15.2
Throwing       | 2 3 |  3.7
Armour         | 2 3 4 5 |  5.2
Dodging        | 9 10 12 13 | 13.1
Spellcasting   | 11 12 13 14 | 14.8
Translocations | 18 19 21 23 | 23.4

Action                     |  1- 3 |  4- 6 |  7- 9 | 10-12 | 13-15 || total
---------------------------+-------+-------+-------+-------+-------++-------
  Melee: Executioner's axe |     1 |       |       |     2 |     2 ||     5

Table legend: (Time is in decaauts)
 A = Elapsed time spent in this place.
 B = Non-inter-level travel time spent in this place.
 C = Inter-level travel time spent in this place.
 D = Time resting spent in this place.
 E = Time spent auto-exploring this place.
 F = Levels seen in this place.
 G = Mean time per level.
                   A        B        C        D        E       F      G
               +--------+--------+--------+--------+--------+-----+--------+
         Total |     16 |     16 |      0 |      0 |      0 |   1 |   16.0 |
       Dungeon |     16 |     16 |      0 |      0 |      0 |   1 |   16.0 |
               +--------+--------+--------+--------+--------+-----+--------+

Top non-repeatable levels by time:
       D: 16 daAuts
